AoeStats
← Cassash

African Clearing

511039799Analyzed
4v4 RM · 8h ago on Oct 3, 2026· 30m 24s· 8 players
Game mode
Random Map
Map size
Large (8 player)
Population
200
Speed
Normal
Resources
Standard
Victory
Conquest
Starting age
Dark Age
Ending age
Imperial Age
RankedLock teamsTeams togetherTeam positionsShared explorationLock speedFull tech treeHidden civsTurbo modeCheats
Victory
Defeat
🇹🇷 Ethiopians · Türkiye
1267
+12
🇳🇱 Tatars · Netherlands
1252
+13
🇳🇱 Cumans · Netherlands
1219
+14
🇺🇸 Khitans · United States
1177
+16
🇨🇳 Aztecs · China
1242
-15
🇫🇷 Huns · France
1206
-15
🇦🇷 Vietnamese · Argentina
1200
-15
🇨🇳 Spanish · China
1084
-10
Deathiscoming
8:31 Loom
13:19 Feudal Age
14:02 Double-Bit Axe
18:24 Castle Age
17:48 Scale Barding Armor
20:47 Chain Barding Armor
20:54 Bow Saw
20:52 Town Watch
21:33 Husbandry
26:34 Forging
26:41 Horse Collar
27:56 Fletching
RICH FARMER
4:17 Loom
14:44 Feudal Age
16:10 Double-Bit Axe
16:56 Horse Collar
18:48 Fletching
23:05 Castle Age
22:04 Gold Mining
23:09 Crossbowman
26:01 Bodkin Arrow
26:27 Bow Saw
29:50 Thumb Ring
Cassash
12:07 Feudal Age
13:23 Loom
20:57 Castle Age
20:59 Horse Collar
27:26 Capped Ram
30:09 Heavy Plow
30:45 Wheelbarrow
Knightrider
10:29 Loom
13:07 Feudal Age
14:03 Double-Bit Axe
16:53 Forging
21:05 Domestication
21:43 Scale Barding Armor
25:27 Castle Age
23:26 Town Watch
25:31 Light Cavalry
26:11 Husbandry
27:13 Iron Casting
pablo_m_1
7:05 Loom
14:16 Feudal Age
19:50 Castle Age
18:32 Double-Bit Axe
19:08 Scale Barding Armor
NotGG
3:40 Loom
11:01 Feudal Age
11:47 Double-Bit Axe
17:01 Castle Age
15:45 Stone Mining
26:15 Fletching
27:25 Padded Archer Armor
Dio
13:08 Feudal Age
11:51 Loom
16:50 Forging
17:43 Scale Mail Armor
17:38 Fletching
19:04 Wheelbarrow
27:11 Castle Age
25:10 Double-Bit Axe
28:10 Hand Cart
夏威
12:53 Feudal Age
15:33 Double-Bit Axe
18:19 Castle Age
18:46 Loom
23:07 Bow Saw
23:58 Stone Mining
23:58 Gold Mining
23:55 Horse Collar
26:42 Scale Barding Armor
26:37 Padded Archer Armor
Connection lost

Rejoining the realm…

Still unreachable

The connection could not be restored.

Session expired

The server has moved on; the page needs a fresh start.